 Dungeon Crawl Stone Soup version 0.22-a0-880-gb7b0c8b (webtiles) character file.

136 iamserjio the Chiller (level 5, -3/37 HPs)
             Began as a Barachi Ice Elementalist on July 30, 2018.
             Was a Follower of Cheibriados.
             Slain by a scorpion (10 damage)
             ... on level 4 of the Dungeon.
             The game lasted 00:12:22 (1483 turns).

iamserjio the Chiller (Barachi Ice Elementalist)    Turns: 1483, Time: 00:12:23

Health: -3/37      AC:  3    Str: 13    XL:     5   Next: 19%
Magic:  9/9        EV: 13    Int: 19    God:    Cheibriados [*.....]
Gold:   177        SH:  0    Dex: 15    Spells: 2/10 levels left

rFire    . . .     SeeInvis +   l - +0 quarterstaff
rCold    . . .     Gourm    .   (shield currently unavailable)
rNeg     . . .     Faith    .   a - +0 robe
rPois    .         Spirit   .   (no helmet)
rElec    .         Reflect  .   (no cloak)
rCorr    .         Harm     .   q - +0 pair of gloves
MR       .....                  (no boots)
Stlth    +.........             (no amulet)
HPRegen  0.12/turn              m - ring of see invisible
MPRegen  0.11/turn              (no ring)

@: confused, can't hop, very slightly contaminated, very slow
A: +LOS, swims, slowness 1, strong legs 1
a: Hop, Bend Time, Renounce Religion


You were on level 4 of the Dungeon.
You worshipped Cheibriados.
Cheibriados was aware of your devotion.
You were very hungry.

You visited 1 branch of the dungeon, and saw 4 of its levels.

You collected 177 gold pieces.

Inventory:

Hand Weapons
 b - a +0 club
 d - a +0 short sword
 l - a +0 quarterstaff (weapon)
 n - a +3 hunting sling of freezing
Missiles
 e - 43 arrows
 h - 13 sling bullets
 o - 40 stones (quivered)
Armour
 a - a +0 robe (worn)
 j - a +0 shield
 q - a +0 pair of gloves (worn)
Jewellery
 m - a ring of see invisible (left hand)
Scrolls
 g - a scroll of fear
 p - 3 scrolls of remove curse {unknown}
 r - 3 scrolls of teleportation {unknown}
 s - a scroll of enchant armour {unknown}
 t - a scroll of immolation {unknown}
Potions
 f - a potion of flight {unknown}
 u - a potion of agility {unknown}
Comestibles
 c - 6 rations


   Skills:
 + Level 1.4 Fighting
 - Level 2.1 Dodging
 - Level 1.7 Stealth
 + Level 3.2 Spellcasting
   Level 1.1 Conjurations
 + Level 1.3 Charms
 * Level 1.4 Summonings
 + Level 5.2 Ice Magic


You had 2 spell levels left.
You knew the following spells:

 Your Spells              Type           Power        Failure   Level  Hunger
a - Freeze                Ice            ###.         1%          1    None
b - Ozocubu's Armour      Chrm/Ice       ###.....     12%         3    ###....
c - Summon Ice Beast      Ice/Summ       ###.....     36%         4    ####...

Your spell library contained the following spells:

 Spells                   Type           Power        Failure   Level  Hunger
 Throw Frost              Conj/Ice       ###...       6%          2    ##.....
 Throw Icicle             Conj/Ice       ###.....     36%         4    ####...


Dungeon Overview and Level Annotations

Branches:
Dungeon (4/15)
 Temple: D:4-7

Altars:
Cheibriados
Dithmenos
Elyvilon
Wu Jian


Innate Abilities, Weirdness & Mutations

Shadows flee at your approach. (+LOS)
You can swim through water.
You cover ground slowly.
You can hop short distances.


Message History

Your ice beast hits the worker ant but does no damage.
The scorpion stings your ice beast. The worker ant completely misses you.
You see here a pair of gloves.
* * * LOW HITPOINT WARNING * * *
You feel sick. The worker ant bites you.
* * * LOW HITPOINT WARNING * * *
You feel better.
Your ice beast barely misses the worker ant.
The worker ant closely misses you. The orc misses you.
You are confused.
You feel invigorated.
Your ice beast barely misses the worker ant.
The worker ant closely misses you. The orc misses you.
You barely miss the scorpion. The worker ant bites you.
The scorpion stings you!
Your ice beast hits the worker ant.
Your ice beast freezes the worker ant.
The orc barely misses you. The worker ant bites you.
* * * LOW HITPOINT WARNING * * *
The scorpion stings you!
You die...

##.## #............
######.# #..........###
.....#.## #............
........# #..........#
........# #..........#
.(........##..........###
.......#..##...Y?........
†......#..##...aos....#
.....####.......@######
.....# #.##.###....#
.....# #.##.# ####.#
.....# #. # .....# #
..#### ..# ..######
(.......


You could see a scorpion, a worker ant, an orc and a friendly ice beast.

Vanquished Creatures
  7 adders
  An ooze (D:1)
  4 worms
  A dart slug (D:1)
  3 leopard geckos
  An orc (D:3)
  A ball python (D:1)
  7 bats
  2 giant cockroaches
  6 goblins
  4 hobgoblins
  2 jackals (D:1)
  A frilled lizard (D:1)
  8 kobolds
  A leopard gecko skeleton (D:4)
  5 rats
54 creatures vanquished.

Notes
Turn   | Place    | Note
-------+----------+-------------------------------------------
     0 | D:1      | iamserjio the Barachi Ice Elementalist began the quest for the Orb.
     0 | D:1      | Reached XP level 1. HP: 13/13 MP: 3/3
    37 | D:1      | Reached skill level 4 in Ice Magic
    37 | D:1      | Reached XP level 2. HP: 18/19 MP: 0/5
   333 | D:2      | Found a snail-covered altar of Cheibriados.
   342 | D:2      | Became a worshipper of Cheibriados the Contemplative
   406 | D:2      | Reached XP level 3. HP: 24/24 MP: 4/7
   558 | D:2      | Reached skill level 5 in Ice Magic
   597 | D:2      | Learned a level 3 spell: Ozocubu's Armour
   684 | D:2      | Reached XP level 4. HP: 21/31 MP: 4/8
   858 | D:3      | Learned a level 4 spell: Summon Ice Beast
   868 | D:3      | Reached * piety under Cheibriados
   934 | D:3      | Found an ornate altar of the Wu Jian Council.
  1001 | D:3      | Reached skill level 1 in Fighting
  1131 | D:3      | Reached skill level 1 in Charms
  1158 | D:3      | Reached skill level 1 in Summonings
  1246 | D:4      | Found a white marble altar of Elyvilon.
  1274 | D:4      | Found a shadowy altar of Dithmenos.
  1369 | D:4      | Reached XP level 5. HP: 37/37 MP: 5/9
  1483 | D:4      | Slain by a scorpion

Vault maps used:
D:1:      minmay_arrival_cross, st_stairs_9
D:2:      cheibriados_altar_1, nicolae_overflow_hidden_temple
D:3:      lemuel_round_altar
D:4:      grunt_dithmenos_smoke_and_mirrors, elyvilon_altar_4

Skill      XL: |  1  2  3  4 |
---------------+-------------+-----
Ice Magic      | 4 5 |  5.2
Spellcasting   | 3 |  3.2
Fighting       | 1 |  1.4
Charms         | 1 |  1.3
Summonings     | 1 |  1.4
Dodging        | |  2.1
Stealth        | |  1.7
Conjurations   | |  1.1

Action                   |  1- 3 |  4- 6 || total
-------------------------+-------+-------++-------
Melee: Club              |     4 |       ||     4
       Unarmed           |     1 |       ||     1
       Short sword       |     8 |       ||     8
       Quarterstaff      |     6 |    18 ||    24
 Fire: Hunting sling     |     2 |     7 ||     9
 Cast: Freeze            |    38 |    35 ||    73
       Summon Ice Beast  |       |     1 ||     1
 Abil: Hop               |     1 |     1 ||     2
  Use: Scroll            |       |     3 ||     3
       Potion            |       |     4 ||     4
 Stab: Sleeping          |       |     2 ||     2
  Eat: Chunk             |       |     1 ||     1
Armor: Robe              |    12 |    10 ||    22
Dodge: Dodged            |    45 |    52 ||    97

Table legend:
 A = Spawn XP
 B = Non-spawn XP
 C = Spawn XP percentage of total XP
 D = Spawn monster count
 E = Non-spawn monster count
 F = Spawn count percentage of total count
 G = Total turns spent on level
                    A         B        C        D         E        F      G
               +---------+---------+-------+---------+---------+-------+---------
         Total |       0 |     195 |   0.0 |       0 |      54 |   0.0 |  1483
               +---------+---------+-------+---------+---------+-------+---------
           D:1 |       0 |      47 |   0.0 |       0 |      24 |   0.0 |   416
           D:2 |       0 |      62 |   0.0 |       0 |      10 |   0.0 |   425
           D:3 |       0 |      53 |   0.0 |       0 |      16 |   0.0 |   439
           D:4 |       0 |      33 |   0.0 |       0 |       4 |   0.0 |   203
               +---------+---------+-------+---------+---------+-------+---------
